 Dungeon Crawl Stone Soup version 0.28.0-53-g5a82cb258f (webtiles) character file.

Game seed: 18093101350672616521

9 Tirrikindir the Ducker (level 2, -2/21 HPs)
             Began as an Octopode Fighter on Aug 19, 2022.
             Frozen to death by an endoplasm (3 damage)
             ... on level 1 of the Dungeon.
             The game lasted 00:00:37 (184 turns).

Tirrikindir the Ducker (Octopode Fighter)            Turns: 184, Time: 00:00:38

Health: -2/21      AC:  1    Str: 15    XL:     2   Next: 16%
Magic:  2/2        EV: 13    Int: 10    God:
Gold:   12         SH:  4    Dex: 11    Spells: 1/1 levels left

rFire   . . .      SeeInvis .   a - +0 long sword
rCold   . . .      Faith    .   b - +0 buckler
rNeg    . . .      Spirit   .   (helmet restricted)
rPois   .          Reflect  .   (no amulet)
rElec   .          Harm     .   (no ring)
rCorr   .          Rampage  .   (no ring)
Will    .....                   (no ring)
Stlth   ++........              (no ring)
HPRegen 0.07/turn               (no ring)
MPRegen 0.08/turn               (no ring)
                                (no ring)
                                (no ring)

@: no status effects
A: almost no armour, amphibious, 8 rings, camouflage 1, gelatinous body 1,
(nimble swimmer 1), tentacles
a: no special abilities


You were on level 1 of the Dungeon.
You visited 1 branch of the dungeon, and saw 1 of its levels.

You collected 12 gold pieces.

Inventory:

Hand Weapons
 a - a +0 long sword (weapon)
Armour
 b - a +0 buckler (worn)
Potions
 c - a potion of might


   Skills:
 + Level 3.1 Fighting
 * Level 2.3 Long Blades
 + Level 3.1 Dodging
 + Level 0.7 Stealth
 + Level 3.0 Shields


You had one spell level left.
You didn't know any spells.
Your spell library was empty.

Dungeon Overview and Level Annotations

Branches:
Dungeon (1/15)

Altars:


Innate Abilities, Weirdness & Mutations

You cannot wear most types of armour.
You are amphibious.
You can wear up to eight rings at the same time.
Your skin changes colour to match your surroundings (Stealth+).
Your rubbery body absorbs attacks. (AC +1, EV +1)
((You are camouflaged when in or above water. (Stealth+)))
You have tentacles for arms and can constrict up to eight enemies at once.


Message History

A kobold comes into view. It is wielding a +0 dagger.
A bat and an endoplasm come into view.
Found a scroll labelled NIGONT GETOI.
The kobold shouts!
The bat hits you. The bat barely misses you.
You closely miss the kobold. Your grab misses the kobold.
Your squeeze misses the kobold. The bat closely misses you. The bat hits you.
The endoplasm freezes you.
You are frozen.
The kobold hits you with a +0 dagger. The bat barely misses you.
The endoplasm freezes you.
You are frozen.
You barely miss the kobold. You grab the kobold.
Your squeeze misses the kobold.
You constrict the kobold, but do no damage.
The bat barely misses you. The bat hits you but does no damage.
The kobold hits you with a +0 dagger. You block the endoplasm's attack.
The kobold hits you with a +0 dagger.
You hit the kobold but do no damage. You constrict the kobold.
The bat hits you. The endoplasm hits you.
* * * LOW HITPOINT WARNING * * *
The kobold hits you with a +0 dagger.
* * * LOW HITPOINT WARNING * * *
You barely miss the kobold. You squeeze the kobold.
You kill the kobold!
The bat barely misses you. The bat hits you.
* * * LOW HITPOINT WARNING * * *
The endoplasm freezes you.
You are frozen.
* * * LOW HITPOINT WARNING * * *
You block the bat's attack.
Things that are here:
a +0 dagger; a kobold corpse You see here a ball python corpse.
You hit the endoplasm. Your squeeze misses the endoplasm.
The endoplasm is almost dead.
The endoplasm hits you but does no damage.
The endoplasm freezes you.
You are frozen.
You die...

.####..#. ...#...
#..#.# #.#.#.#
#.)...#
###b##...?.. #...#
#...#..
#J#####.....
#######.@.......###
............###.#
..........### .#
...........#
...........###
[............##
............... .#
##.#.#......... ...
........######.##..
.....


You could see an endoplasm.

Vanquished Creatures
  2 endoplasms (D:1)
  A giant cockroach (D:1)
  A goblin (D:1)
  A hobgoblin (D:1)
  A kobold (D:1)
  A ball python (D:1)
  A frilled lizard (D:1)
8 creatures vanquished.

Notes
Turn   | Place    | Note
-------+----------+-------------------------------------------
     0 | D:1      | Tirrikindir the Octopode Fighter began the quest for the
                  | Orb.
     0 | D:1      | Reached XP level 1. HP: 16/16 MP: 1/1
    29 | D:1      | Reached XP level 2. HP: 12/21 MP: 2/2
   178 | D:1      | HP: 1/21 [frozen (2)]
   184 | D:1      | Frozen to death by an endoplasm

Illustrated notes

Levels and vault maps discovered:
D:1:      amcnicky_arrival_feature_with_door, layout_rooms,
          dreamdust_ecumenical_altar_hidden_monk_grotto, minivault_27

Action                   || total
-------------------------++-------
Melee: Long sword        ||    13
       Constrict         ||     3
       Tentacles         ||     3
 Stab: Sleeping          ||     3
Armor: Skin              ||     2
Dodge: Dodged            ||     9
Block: Buckler           ||     3
